 Dungeon Crawl Stone Soup version 0.27.0-66-gdc8fb28755 (webtiles) character file.

Game seed: 6992000126562963174

181209 DrabberRogue the Gelid (level 18, -6/121 HPs)
             Began as a Human Ice Elementalist on Aug 14, 2021.
             Was a High Priest of Sif Muna.
             Mangled by Asterion (34 damage)
             ... on level 4 of the Spider Nest on Aug 19, 2021.
             The game lasted 07:19:22 (52675 turns).

DrabberRogue the Gelid (Human Ice Elementalist)    Turns: 52675, Time: 07:19:23

Health: -6/121     AC:  9    Str: 10    XL:     18   Next: 99%
Magic:  32/32      EV: 22    Int: 21    God:    Sif Muna [*****.]
Gold:   2634       SH:  0    Dex: 19    Spells: 3/37 levels left

rFire    . . .     SeeInvis .   n - staff of cold
rCold    + + .     Faith    .   (no shield)
rNeg     + . .     Spirit   .   H - +2 robe {Will+}
rPois    +         Reflect  .   i - +2 hat {Will+}
rElec    .         Harm     .   o - +1 cloak
rCorr    .         Rampage  .   C - +0 pair of gloves
Will     +++..                  N - +2 pair of boots {Stlth+}
Stlth    +++.......             b - amulet "Zeuxtum" {RegenMP rC+ rN+ Dex+4}
HPRegen  0.30/turn              t - ring of poison resistance
MPRegen  0.48/turn              h - +4 ring of protection

@: mighty, silenced, marked, corroded, very slightly contaminated, invisible
A: shaggy fur 1
a: Renounce Religion


You were on level 4 of the Spider Nest.
You worshipped Sif Muna.
Sif Muna was extremely pleased with you.
You visited 6 branches of the dungeon, and saw 29 of its levels.
You also visited: Ice Cave.

You collected 2851 gold pieces.
You spent 217 gold pieces at shops.

Inventory:

Hand Weapons
 q - a +3 dagger of holy wrath
 F - a +2 dagger of electrocution
Armour
 i - a +2 hat of willpower (worn)
 o - a +1 cloak (worn)
 C - a +0 pair of gloves (worn)
 H - a +2 robe of willpower (worn)
 N - a +2 pair of boots of stealth (worn)
Magical Staves
 l - a staff of fire
 n - a staff of cold (weapon)
Jewellery
 b - the amulet "Zeuxtum" (around neck) {RegenMP rC+ rN+ Dex+4}
   (You acquired it on level 13 of the Dungeon)

   [amulet of magic regeneration]

   It increases your rate of magic regeneration.
   Dex:       It affects your dexterity (+4).
   rC:        It protects you from cold.
   rN:        It protects you from negative energy.
 h - a +4 ring of protection (right hand)
 j - a ring of protection from cold
 m - a ring of see invisible
 t - a ring of poison resistance (left hand)
 u - a ring of wizardry
 w - a ring of ice
 W - a ring of willpower
Wands
 g - a wand of flame (77)
 s - a wand of acid (35)
 v - a wand of iceblast (30)
 y - a wand of mindburst (13)
 K - a wand of charming (3)
 L - a wand of paralysis (6)
 P - a wand of digging (6)
 X - a wand of polymorph (16)
Scrolls
 a - 6 scrolls of enchant weapon
 e - 5 scrolls of enchant armour
 x - 2 scrolls of brand weapon
 D - 3 scrolls of silence
 J - 4 scrolls of immolation
 M - 4 scrolls of fog
 Q - 2 scrolls of vulnerability {unknown}
 V - a scroll of holy word {unknown}
 Y - 2 scrolls of blinking {unknown}
 Z - 2 scrolls of summoning {unknown}
Potions
 d - a potion of ambrosia
 f - 2 potions of haste {unknown}
 k - 4 potions of lignification
 p - a potion of invisibility
 r - a potion of attraction {unknown}
 z - 4 potions of might
 A - 3 potions of curing
 B - 2 potions of brilliance {unknown}
 G - a potion of cancellation {unknown}
 I - a potion of resistance {unknown}
 O - a potion of berserk rage {unknown}
 S - a potion of mutation {unknown}
 T - a potion of flight {unknown}


   Skills:
 - Level 5.0 Fighting
 - Level 15.0 Dodging
 - Level 5.0 Stealth
 - Level 10.0 Spellcasting
 - Level 10.0 Conjurations
 - Level 15.0 Ice Magic
 - Level 7.5 Air Magic
 - Level 15.0 Poison Magic
 + Level 11.0 Invocations


You had 3 spell levels left.
You knew the following spells:

 Your Spells              Type           Power      Damage    Failure   Level
a - Freeze                Ice            100%       1d11      0%          1
b - Frozen Ramparts       Ice            100%       1d12      1%          3
c - Ozocubu's Armour      Ice            84%        N/A       1%          3
d - Hailstorm             Conj/Ice       76%        3d16      1%          4
e - Mephitic Cloud        Conj/Pois/Air  54%        N/A       1%          3
f - Freezing Cloud        Conj/Ice/Air   35%        6-21      2%          5
g - Alistair's Intoxicat  Tmut/Pois      28%        N/A       9%          5
h - Ignite Poison         Fire/Tmut/Pois 31%        N/A       2%          3
i - Ozocubu's Refrigerat  Ice            42%        4d13      12%         7

Your spell library contained the following spells:

 Spells                   Type           Power      Damage    Failure   Level
 Foxfire                  Conj/Fire      100%       2x1d9     1%          1
 Magic Dart               Conj           100%       1d8       1%          1
 Shock                    Conj/Air       100%       1d9       1%          1
 Corpse Rot               Necr/Air       N/A        N/A       1%          2
 Searing Ray              Conj           100%       3d7       1%          2
 Conjure Flame            Conj/Fire      31%        6-21      2%          3
 Stone Arrow              Conj/Erth      62%        3d10      2%          3
 Animate Skeleton         Necr           20%        N/A       6%          1
 Pain                     Necr           40%        1d6       6%          1
 Sandblast                Erth           20%        2d7       6%          1
 Call Imp                 Summ           10%        N/A       10%         2
 Inner Flame              Hex/Fire       10%        N/A       19%         3
 Portal Projectile        Hex/Tloc       20%        N/A       19%         3
 Vampiric Draining        Necr           5%         2d6       19%         3
 Fulminant Prism          Conj/Hex       15%        3d11      9%          4
 Sticky Flame             Conj/Fire      31%        2d5       9%          4
 Metabolic Englaciation   Hex/Ice        29%        N/A       9%          5
 Eringya's Noxious Bog    Tmut/Pois      21%        N/A       41%         6
 Simulacrum               Ice/Necr       29%        N/A       41%         6
 Bolt of Magma            Conj/Fire/Erth 12%        4d8       43%         5
 Dispel Undead            Necr           10%        3d9       54%         4
 Leda's Liquefaction      Hex/Erth       5%         N/A       54%         4
 Petrify                  Tmut/Erth      10%        N/A       54%         4
 Blade Hands              Tmut           5%         N/A       87%         5
 Borgnjor's Vile Clutch   Necr/Erth      5%         N/A       87%         5
 Excruciating Wounds      Necr           5%         N/A       87%         5
 Lee's Rapid Deconstruct  Erth           5%         3d7*      87%         5
 Summon Forest            Summ/Tloc      5%         N/A       87%         5
 Summon Mana Viper        Hex/Summ       10%        N/A       87%         5
 Death Channel            Necr           5%         N/A       100%        6
 Shadow Creatures         Summ           N/A        N/A       100%        6
 Statue Form              Tmut/Erth      6%         N/A       100%        6
 Polar Vortex             Ice            42%        N/A       100%        9


Dungeon Overview and Level Annotations

Branches:
Dungeon (15/15)            Temple (1/1) D:6            Lair (6/6) D:10
 Shoals (1/4) Lair:2       Spider (4/4) Lair:3        Slime (0/5) Lair:6
    Orc (2/2) D:10            Elf (0/3) Orc:2        Vaults (0/5) D:13
 Depths (0/5) D:15          IceCv (visited)

Altars:
Ashenzari
Cheibriados
Dithmenos
Elyvilon
Fedhas
Gozag
Hepliaklqana
Kikubaaqudgha
Makhleb
Nemelex Xobeh
Okawaru
Qazlal
Ru
Sif Muna
Trog
Uskayaw
Vehumet
Wu Jian
Xom
Yredelemnul
Zin
The Shining One
Jiyva

Shops:
Orc:1 [   Orc:2 *[=*

Annotations:
D:4 Grinder
D:5 1 runed translucent door, Thraspic's ghost, amateur MiAK
Lair:1 1 runed translucent door
Lair:3 2 runed translucent doors, Luuwnalu's ghost, journeyman KoHu
Lair:4 Nessos
Lair:5 3 runed translucent doors, Ruewk's ghost, journeyman CeAM; Rupert
Spider:4 Asterion; Mara


Innate Abilities, Weirdness & Mutations

You are covered in fur. (AC +1)


Message History

Press: ? - help, v - describe, . - travel
Here: Asterion, wielding a +1 morningstar of holy wrath, wearing a +2 leather armour of willpower and wearing a +0 kite shield (silenced)
The floor.
Magic scrolls do not work when you're silenced!
Okay, then.
Okay, then.
Okay, then.
You feel very mighty all of a sudden. The redback misses you.
The redback completely misses you. x2
The orb spider barely misses the human.
The redback bites you.
You are poisoned.
The redback poisons you! The redback completely misses you.
The redback bites you but does no damage.
The redback closely misses you.
A redback comes into view.
The redback completely misses you.
You feel better. The redback misses you. The redback barely misses you.
The redback misses you.
The emperor scorpion evades a web.
The redback bites you. The redback misses you.
The redback bites you but does no damage.
You closely miss the redback. The redback misses you.
The entropy weaver gestures at you while chanting.
The entropic weave corrodes you! The redback misses you.
A redback comes into view.
The redback misses you. x2; The redback completely misses you.
The redback closely misses you.
Asterion hits you with a +1 morningstar of holy wrath!
Asterion barely misses you.
You hit the redback.
The redback is lightly wounded.
The redback misses you. The redback bites you! x2
* * * LOW HITPOINT WARNING * * *
A wolf spider comes into view.
The redback completely misses you.
The entropy weaver gestures at you while chanting.
The entropic weave corrodes you! The redback bites you!
* * * LOW HITPOINT WARNING * * *
The redback misses you. x2
Asterion hits you with a +1 morningstar of holy wrath!!
You die...

##^........^..........
##.....#..#....#..#...
#......#..#..#^^.##...
....#....#..........#
^#.#...ยง#...(.......#
.#..#.#.^.s..B.p..$##
..^#.....#...#ssss##
###....#.....#ssH## #
#.....##^syss@# .#
...#....#ssss# #^#
.s..#..sss## ..#
...#..#.s## .#
.......# .^.......##s.
.. .^.^#...s##
^..#.##...#..#
#..#..^......##


You could see Asterion, 2 emperor scorpions, an entropy weaver, a spark wasp, 2
demonic crawlers, a wolf spider, an orb spider, 2 jumping spiders, a tarantella,
10 redbacks and a neutral human (wandering).

Vanquished Creatures
  Gastronok (Lair:2)
  Agnes (D:14)
  Kirke (Spider:4)
  Donald (Shoals:1)
  5 emperor scorpions
  Louise (Shoals:1)
  Azrael (D:12)
  2 entropy weavers
  2 merfolk javelineers (Shoals:1)
  4 merfolk impalers (Shoals:1)
  2 boulder beetles
  12 hydras
  4 catoblepae
  A merfolk avatar (Shoals:1)
  7 centaur warriors
  An alligator snapping turtle (Shoals:1)
  2 death knights
  Erica (Lair:2)
  2 two-headed ogres
  28 death yaks
  A merfolk aquamancer (Shoals:1)
  2 tengu warriors (D:14)
  Urug (Orc:1)
  5 orc high priests (Orc:2)
  A fire crab (Lair:6)
  8 skeletal warriors
  5 sea snakes (Shoals:1)
  13 orc knights
  2 wizards
  6 harpies (Shoals:1)
  3 deep elf pyromancers
  A necromancer (D:15)
  4 orc sorcerers
  A wolf spider zombie (D:15)
  15 orb spiders
  7 fauns (Shoals:1)
  17 wolf spiders
  8 manticores
  11 elephants
  8 cyclopes
  11 ugly things
  2 black mambas
  A moth of wrath (Spider:4)
  A naga mage (D:15)
  5 merfolk sirens
  A gargoyle (D:12)
  5 centaur skeletons
  16 cane toads
  A kobold demonologist (D:11)
  An efreet (D:14)
  3 rime drakes
  A freezing wraith (D:13)
  11 demonic crawlers
  10 komodo dragons
  2 tengu conjurers (D:14)
  7 trolls
  9 merfolk (Shoals:1)
  22 jumping spiders
  A wind drake (Shoals:1)
  2 polar bears
  5 hornets
  A meliai zombie (D:10)
  14 blink frogs
  8 dream sheep
  Sigmund (D:5)
  97 redbacks
  2 centaur simulacra (D:15)
  2 shadows
  A vampire (D:12)
  3 spriggans (Lair:3)
  26 tarantellas
  5 wyverns
  2 water elementals (Shoals:1)
  A hog (Spider:4)
  3 fire elementals (D:12)
  4 basilisks
  39 yaks
  A steam dragon (D:9)
  6 vampire mosquitoes
  5 wargs
  2 acid dragons
  15 water moccasins
  A hell hound (D:12)
  34 orc warriors
  2 sky beasts
  3 black bears
  A necrophage (D:6)
  7 ogres
  3 wolves
  A boggart (D:13)
  20 centaurs
  A phantom (D:6)
  7 kobold brigands
  A gnoll sergeant (D:10)
  8 bullfrogs
  4 scorpions
  A water moccasin zombie (D:6)
  A wyvern skeleton (D:7)
  A water moccasin skeleton (D:5)
  8 killer bees (D:9)
  4 electric eels
  3 wights (D:8)
  2 vampire bats (Lair:1)
  A howler monkey (D:12)
  3 centaur zombies
  A hound (D:6)
  Crazy Yiuf (D:2)
  35 orc priests
  3 iron imps (D:7)
  3 iguanas
  23 orc wizards
  7 hell rats
  A killer bee zombie (D:5)
  A hound skeleton (D:4)
  A howler monkey zombie (D:9)
  8 gnolls
  2 adders
  2 white imps (D:8)
  3 dart slugs
  88 orcs
  12 bats
  5 endoplasms
  2 giant cockroaches
  6 goblins
  6 hobgoblins
  27 kobolds
  7 quokkas
  6 ball pythons
  3 frilled lizards (D:1)
  7 rats
930 creatures vanquished.

Vanquished Creatures (others)
  A centaur zombie (D:10)
  A slime creature (D:12)
  A human (Spider:4)
  33 fungi
  139 plants
  9 toadstools (Lair:1)
  2 withered plants (D:5)
186 creatures vanquished.

Grand Total: 1116 creatures vanquished

Notes
Turn   | Place    | Note
-------+----------+-------------------------------------------
     0 | D:1      | DrabberRogue the Human Ice Elementalist began the quest for
                  | the Orb.
     0 | D:1      | Reached XP level 1. HP: 13/13 MP: 3/3
    27 | D:1      | Found a faded altar of an unknown god.
   252 | D:1      | Reached XP level 2. HP: 19/19 MP: 3/5
   543 | D:1      | Reached XP level 3. HP: 24/24 MP: 2/6
   702 | D:1      | Reached skill level 5 in Ice Magic
  1088 | D:1      | Learned a level 3 spell: Frozen Ramparts
  1390 | D:2      | Reached XP level 4. HP: 30/30 MP: 5/7
  1660 | D:2      | Found a runed translucent door.
  1661 | D:2      | Noticed Crazy Yiuf
  1767 | D:2      | Killed Crazy Yiuf
  1859 | D:2      | Learned a level 3 spell: Ozocubu's Armour
  2170 | D:3      | Found an ancient bone altar of Kikubaaqudgha.
  2592 | D:3      | Reached XP level 5. HP: 35/35 MP: 3/8
  3102 | D:4      | Noticed Grinder
  3335 | D:4      | Reached XP level 6. HP: 41/41 MP: 5/9
  3767 | D:4      | Reached skill level 5 in Dodging
  4852 | D:5      | Entered Level 5 of the Dungeon
  5010 | D:5      | Noticed Sigmund
  5062 | D:5      | Found a runed translucent door.
  5064 | D:5      | Noticed Thraspic's ghost (amateur MiAK)
  5369 | D:5      | Reached XP level 7. HP: 46/46 MP: 2/12
  6219 | D:4      | Paralysed by Grinder for 5 turns
  6493 | D:5      | Killed Sigmund
  6494 | D:5      | Reached skill level 5 in Spellcasting
  6499 | D:5      | Learned a level 4 spell: Hailstorm
  6585 | D:5      | Reached XP level 8. HP: 52/52 MP: 6/15
  6748 | D:6      | Found a sparkling altar of Nemelex Xobeh.
  7251 | D:6      | Found a staircase to the Ecumenical Temple.
  7258 | Temple   | Entered the Ecumenical Temple
  7916 | D:6      | Found a glowing golden altar of the Shining One.
  7917 | D:6      | Found a hide-covered altar of Uskayaw.
  8658 | D:7      | Reached XP level 9. HP: 48/57 MP: 6/16
  9225 | D:7      | Found a shimmering blue altar of Sif Muna.
  9239 | D:7      | Became a worshipper of Sif Muna the Loreminder
  9441 | D:7      | Found a stormy altar of Qazlal.
  9772 | D:7      | Reached skill level 10 in Ice Magic
  9834 | D:7      | Found a burning altar of Makhleb.
  9850 | D:7      | Reached skill level 1 in Conjurations
 10459 | D:8      | Found an opulent altar of Gozag.
 11193 | D:8      | Reached skill level 5 in Conjurations
 11274 | D:8      | Reached * piety under Sif Muna
 11606 | D:8      | Found a snail-covered altar of Cheibriados.
 11653 | D:8      | Found a basalt altar of Yredelemnul.
 12003 | D:8      | Learned a level 3 spell: Mephitic Cloud
 12153 | D:9      | Reached XP level 10. HP: 59/63 MP: 6/17
 13179 | D:9      | Noticed a two-headed ogre
 13887 | D:9      | Found a bloodstained altar of Trog.
 14166 | D:10     | Entered Level 10 of the Dungeon
 14210 | D:10     | Noticed a death yak
 14309 | D:9      | Killed a two-headed ogre
 14641 | D:10     | Noticed a death yak
 14641 | D:10     | Noticed a death yak
 14654 | D:10     | Noticed a death yak
 14831 | D:10     | Reached skill level 10 in Conjurations
 14912 | D:10     | Found a staircase to the Lair.
 15112 | D:10     | Noticed a death yak
 15112 | D:10     | Noticed a death yak
 15545 | D:10     | Found a staircase to the Orcish Mines.
 15605 | D:10     | Killed a death yak
 15606 | D:10     | Reached XP level 11. HP: 68/68 MP: 1/18
 15844 | D:10     | Killed a death yak
 15845 | D:10     | Killed a death yak
 15846 | D:10     | Killed a death yak
 15846 | D:10     | Reached ** piety under Sif Muna
 15847 | D:10     | Killed a death yak
 16124 | D:10     | Killed a death yak
 16361 | Lair:1   | Entered Level 1 of the Lair of Beasts
 16485 | Orc:1    | Entered Level 1 of the Orcish Mines
 16502 | D:10     | Reached skill level 10 in Dodging
 16662 | D:10     | Reached skill level 1 in Fighting
 17003 | Lair:1   | Noticed a seven-headed hydra
 17268 | Orc:1    | Noticed Urug
 17274 | D:10     | Reached skill level 5 in Fighting
 17448 | D:11     | Noticed a skeletal warrior
 18630 | D:10     | Killed a seven-headed hydra
 18631 | D:10     | Reached XP level 12. HP: 86/86 MP: 1/19
 19051 | Lair:1   | Reached skill level 5 in Stealth
 19521 | Lair:1   | Found a runed translucent door.
 19617 | Lair:1   | Identified the +9 hunting sling of Jeiduqod {vorpal, Fly
                  | rPois SInv}
 21233 | Lair:2   | Reached *** piety under Sif Muna
 21581 | Lair:2   | Noticed a six-headed hydra
 22185 | Lair:2   | Noticed a death yak
 22186 | Lair:2   | Noticed a death yak
 22382 | Lair:1   | Killed a death yak
 22721 | Lair:2   | Reached XP level 13. HP: 88/91 MP: 20/26
 22748 | Lair:2   | Noticed a four-headed hydra
 22778 | Lair:2   | Killed a six-headed hydra
 22779 | Lair:2   | Reached skill level 10 in Spellcasting
 22779 | Lair:2   | Reached skill level 1 in Invocations
 22968 | Lair:2   | Noticed Erica
 23156 | Lair:2   | Noticed Gastronok
 23272 | Lair:2   | Killed Erica
 23420 | Lair:2   | Reached skill level 5 in Invocations
 23746 | Lair:2   | Killed Gastronok
 23931 | Lair:2   | Found a staircase to the Shoals.
 24016 | Lair:2   | Killed a four-headed hydra
 24378 | Lair:3   | Found a hole to the Spider Nest.
 24683 | Lair:3   | Noticed Luuwnalu's ghost (journeyman KoHu)
 24684 | Lair:3   | Found a large runed translucent door.
 24684 | Lair:3   | Found a large runed translucent door.
 25297 | Lair:4   | Noticed a catoblepas
 25308 | Lair:4   | Reached **** piety under Sif Muna
 25310 | Lair:4   | Reached skill level 10 in Invocations
 25471 | Lair:4   | Noticed Nessos
 25644 | Lair:4   | Noticed a four-headed hydra
 25661 | Lair:4   | Killed a four-headed hydra
 26307 | Lair:4   | Killed a catoblepas
 26308 | Lair:4   | Reached XP level 14. HP: 98/98 MP: 6/28
 27005 | Lair:5   | Noticed Rupert
 27290 | Lair:5   | Found a runed translucent gate.
 27683 | Lair:5   | Found a runed translucent gate.
 27683 | Lair:5   | Found a runed translucent gate.
 27683 | Lair:5   | Noticed Ruewk's ghost (journeyman CeAM)
 28060 | Lair:5   | Paralysed by Rupert for 2 turns
 28394 | Lair:6   | Entered Level 6 of the Lair of Beasts
 30173 | Lair:6   | Reached XP level 15. HP: 103/103 MP: 21/29
 30606 | Lair:6   | Reached skill level 15 in Ice Magic
 30720 | Lair:6   | Reached skill level 1 in Poison Magic
 30730 | Lair:6   | Identified the +1 robe of Beogh's Pride {rC+ Regen+ Str+4}
 31211 | Lair:6   | Found a staircase to the Slime Pits.
 31212 | Lair:6   | Found a viscous altar of Jiyva.
 31263 | Lair:6   | Reached skill level 5 in Poison Magic
 32551 | D:11     | Reached ***** piety under Sif Muna
 33887 | D:12     | Noticed Azrael
 34029 | D:12     | Found an opulent altar of Gozag.
 34058 | D:12     | Received a gift from Sif Muna
 34165 | D:12     | Learned a level 5 spell: Freezing Cloud
 35118 | D:12     | Killed Azrael
 35548 | D:13     | Identified the +1 plate armour of Quiet Fog {Slay+2}
 35618 | D:13     | Identified 2 scrolls of acquirement
 36052 | D:13     | Reached skill level 10 in Poison Magic
 36076 | D:13     | Reached XP level 16. HP: 51/109 MP: 2/30
 36341 | D:13     | Found a gate to the Vaults.
 36870 | D:13     | Acquired a staff of cold
 36873 | D:13     | Acquired the amulet "Zeuxtum" {RegenMP rC+ rN+ Dex+4}
 36911 | D:14     | Found a frozen archway.
 36935 | IceCv    | Entered an ice cave
 37185 | D:14     | Noticed Agnes
 37195 | D:14     | Killed Agnes
 38295 | D:14     | Learned a level 5 spell: Alistair's Intoxication
 38305 | D:15     | Entered Level 15 of the Dungeon
 38632 | Orc:1    | Killed Urug
 38844 | Orc:1    | Received a gift from Sif Muna
 38847 | Orc:1    | Got Sif Muna's Handbook of Ashen Confrontation {god gift}
 38910 | Orc:1    | Found a burning altar of Makhleb.
 39144 | Orc:1    | Found Rawen's Antique Armour Shop.
 39152 | Orc:1    | Bought a pair of runed boots for 217 gold pieces
 39180 | Orc:2    | Entered Level 2 of the Orcish Mines
 40396 | Orc:2    | Found a staircase to the Elven Halls.
 41373 | Orc:2    | Gained mutation: You are covered in fur. (AC +1) [a
                  | neqoxec]
 41711 | Orc:2    | Found Zeali's General Store.
 41713 | Orc:2    | Found Canusop's Jewellery Shoppe.
 41713 | Orc:2    | Found Arazez's Armour Emporium.
 41714 | Orc:2    | Found Rabrioni's Assorted Antiques.
 41733 | Orc:2    | Upgraded the game from 0.27.0-1-g7a089689b8 to
                  | 0.27.0-65-ge2af304b15
 42797 | D:15     | Reached XP level 17. HP: 115/115 MP: 2/31
 43078 | D:15     | Found a staircase to the Depths.
 43449 | Shoals:1 | Entered Level 1 of the Shoals
 43474 | Shoals:1 | Reached skill level 15 in Poison Magic
 43474 | Shoals:1 | Reached skill level 1 in Air Magic
 43512 | Shoals:1 | Noticed Louise
 43518 | Shoals:1 | Killed Louise
 43967 | Shoals:1 | Reached skill level 5 in Air Magic
 44382 | Shoals:1 | Noticed Donald
 44392 | Shoals:1 | Killed Donald
 46676 | Lair:2   | Upgraded the game from 0.27.0-65-ge2af304b15 to
                  | 0.27.0-66-gdc8fb28755
 46705 | Spider:1 | Entered Level 1 of the Spider Nest
 47202 | Spider:1 | Reached XP level 18. HP: 121/121 MP: 22/32
 47276 | Spider:1 | Received a gift from Sif Muna
 47277 | Spider:1 | Got Sif Muna's Reference Book on Frigorific Clay {god gift}
 49134 | Spider:1 | Learned a level 3 spell: Ignite Poison
 49464 | Spider:2 | You fall into a shaft and drop 1 floor!
 50271 | Spider:3 | Received a gift from Sif Muna
 50567 | Spider:3 | Learned a level 7 spell: Ozocubu's Refrigeration
 52205 | Spider:4 | Entered Level 4 of the Spider Nest
 52211 | Spider:4 | Reached skill level 15 in Dodging
 52271 | Spider:4 | Received a gift from Sif Muna
 52278 | Spider:4 | Noticed Mara
 52282 | Spider:4 | Noticed DrabberRogue's illusion
 52284 | Spider:4 | Noticed Asterion
 52476 | Spider:4 | Noticed an Executioner
 52502 | Spider:4 | Noticed Kirke
 52525 | Spider:4 | Killed Kirke
 52675 | Spider:4 | Mangled by Asterion

Illustrated notes

Levels and vault maps discovered:
D:1:      eino_arrival_cavern_e, layout_loops_cross,
          ebering_ecumenical_altar_rust, amethyst_killhole, st_stairs_7,
          serial_bayou_crossing
D:2:      layout_rooms, uniq_crazy_yiuf_cottage
D:3:      layout_loops_ring, amcnicky_altar_gilded, due_unseen_surprise
D:4:      layout_rooms, corexii_corridor_pit, uniq_grinder
D:5:      layout_basic, gammafunk_ghost_grave, uniq_sigmund
D:6:      layout_layer_cave, mainiacjoe_overflow_24_doors,
          mainiacjoe_overflow_divided_tiny, minmay_temple_entry_junction_2
D:7:      layout_basic, nicolae_qazlal_style_of_elements,
          mainiacjoe_overflow_chevrons, demons_altar
D:8:      layout_layer_cave, mainiacjoe_overflow_tiny_flanked,
          mainiacjoe_overflow_alcove_1, mainiacjoe_overflow_alcove_4
D:9:      layout_layer_cave, lemuel_crystal_altar, kennysheep_minor_cross,
          kennysheep_generic_room_15
D:10:     layout_small_grid, dpeg_lair_monsters, orc_0_dummy,
          lemuel_flame_loot_1
D:11:     layout_cave_pools
D:12:     layout_basic, nicolae_gozag_cash_rules_everything_around_me,
          uniq_azrael
D:13:     layout_loops_ring, hangedman_vaults_entry_quadrant_bands
D:14:     layout_irregular_city, portal_ice_cave_entry_pillars_three, uniq_agnes
D:15:     grunt_enter_depths_magical_seal, layout_loops_cross, hex_medium
Temple:   minmay_temple_curvy_loop
Lair:1:   gammafunk_lair_enchanted_lake, layout_chaotic_city, roderic_batcave
Lair:2:   layout_long_grid, minmay_shoals_entry_lonely_mermaid,
          serial_bayou_pond_c, eino_small_chamber_without_monster,
          beast_lair_carwin_4, lemuel_fruit_tree, uniq_gastronok, uniq_erica
Lair:3:   layout_roguey, nicolae_spider_entry_orb_guardian,
          ebering_ghost_disaster_area, wad_woods_02
Lair:4:   layout_gridlike, grunt_megastairs_3, serial_bayou_shore_b, uniq_nessos
Lair:5:   layout_big_grid, ebering_ghost_rock_garden, wad_woods_river_01,
          uniq_rupert
Lair:6:   evilmike_catoblepas_cave, layout_cave_shapes, slime_altar_1
Shoals:1: layout_shoals, nicolae_shoals_mertower, uniq_louise, uniq_donald
Spider:1: nicolae_spider_corner, hangedman_spider_tarantella_strand
Spider:2: layout_chambers, nicolae_spider_webs_and_nodes,
          nicolae_spider_cling_halls
Spider:3: layout_spider_delve
Spider:4: grunt_spider_rune_circles, uniq_asterion, uniq_kirke, uniq_mara
Orc:1:    layout_caves, serial_shops, nicolae_shop_behind_doors, basic_altar,
          uniq_urug
Orc:2:    st_orc_pillars, layout_caves, guppyfry_library_mini

Skill      XL: |  1  2  3  4  5  6  7  8  9 10 11 12 13 14 15 16 17 18 |
---------------+-------------------------------------------------------+-----
Ice Magic      | 5 6 8 10 14 15 | 15.0
Dodging        | 4 5 6 10 11 15 | 15.0
Spellcasting   | 3 5 9 10 | 10.0
Conjurations   | 6 10 | 10.0
Fighting       | 5 |  5.0
Stealth        | 4 5 |  5.0
Invocations    | 10 11 | 11.0
Poison Magic   | 10 14 15 | 15.0
Air Magic      | 7 |  7.5

Action                   |  1- 3 |  4- 6 |  7- 9 | 10-12 | 13-15 | 16-18 || total
-------------------------+-------+-------+-------+-------+-------+-------++-------
Melee: Quarterstaff      |       |    15 |    46 |       |       |       ||    61
       Dagger            |       |       |    17 |   165 |   328 |   187 ||   697
       Staff             |       |       |       |       |       |   402 ||   402
 Cast: Freeze            |    48 |    62 |    83 |    40 |   133 |    48 ||   414
       Frozen Ramparts   |       |    11 |    28 |    74 |   110 |   151 ||   374
       Ozocubu's Armour  |       |     2 |    27 |    48 |    81 |   135 ||   293
       Hailstorm         |       |       |    17 |    74 |   157 |   347 ||   595
       Mephitic Cloud    |       |       |       |    12 |    45 |    62 ||   119
       Freezing Cloud    |       |       |       |       |    14 |    66 ||    80
       Alistair's Intoxi |       |       |       |       |       |    21 ||    21
       Polar Vortex      |       |       |       |       |       |     3 ||     3
       Ozocubu's Refrige |       |       |       |       |       |     8 ||     8
       Ignite Poison     |       |       |       |       |       |     1 ||     1
Invok: Channel Magic     |       |       |       |       |     4 |    11 ||    15
       Divine Exegesis   |       |       |       |       |       |     3 ||     3
  Use: Scroll            |       |     3 |     5 |     4 |    10 |    16 ||    38
       Potion            |       |       |       |     2 |     1 |    14 ||    17
 Stab: Confused          |       |       |       |     2 |     5 |     7 ||    14
       Sleeping          |       |       |       |     3 |     2 |     3 ||     8
       Distracted        |       |       |       |       |     2 |     1 ||     3
Armor: Robe              |     3 |    14 |    71 |   111 |   274 |   655 ||  1128
       Skin              |       |       |       |       |       |    10 ||    10
Dodge: Dodged            |    16 |    41 |    90 |   200 |   481 |  1134 ||  1962
